 Dungeon Crawl Stone Soup version 0.17.2-1-ge4368a0 (webtiles) character file.

164 Goblin1989 the Cudgeler (level 5, -4/39 HPs)
             Began as a Demonspawn Gladiator on Aug 5, 2016.
             Was an Initiate of Fedhas.
             Killed from afar by Blork the orc (7 damage)
             ... with a wand of frost
             ... on level 4 of the Dungeon.
             The game lasted 00:05:29 (2660 turns).

Goblin1989 the Cudgeler (Demonspawn Gladiator)      Turns: 2660, Time: 00:05:29

Health: -4/39      AC:  7    Str: 16    XL:     5   Next: 21%
Magic:  5/5        EV:  5    Int: 10    God:    Fedhas [......]
Gold:   141        SH: 11    Dex: 13    Spells: 0 memorised, 4 levels left

rFire  . . .     SeeInvis .       - Unarmed
rCold  . . .     Clarity  .     t - +0 scale mail
rNeg   . . .     SustAt   .     r - +0 large shield
rPois  .         Gourm    +     c - +0 helmet
rElec  .         Spirit   .     (no cloak)
rCorr  .         Warding  .     (no gloves)
rMut   .         Stasis   .     (no boots)
MR     .....                    f - amulet of the gourmand
Stlth  ..........               (no ring)
                                l - ring of flight

@: not resistant to hostile enchantments, extremely unstealthy
A: claws 1, demonic guardian 1
a: Renounce Religion, Evoke Flight


You were on level 4 of the Dungeon.
You worshipped Fedhas.
Fedhas was noncommittal.
You were very full.

You visited 1 branch of the dungeon, and saw 4 of its levels.

You collected 141 gold pieces.

Inventory:

Missiles
 d - 3 throwing nets (quivered)
Armour
 c - a +0 helmet (worn)
 r - a +0 large shield (worn)
 t - a +0 scale mail (worn)
Jewellery
 f - an amulet of the gourmand (around neck)
 l - a ring of flight (left claw)
Scrolls
 a - 3 scrolls of remove curse {unknown}
 g - 4 scrolls of identify {unknown}
 i - a scroll of enchant weapon {unknown}
 j - 2 scrolls of recharging {unknown}
 n - a scroll of random uselessness {unknown}
 u - a scroll of enchant armour {unknown}
Potions
 h - 2 potions of resistance
 m - a potion of agility
 o - a potion of invisibility {unknown}
 p - 2 potions of haste {unknown}
 q - a potion of cancellation {unknown}
Comestibles
 b - 9 fruits
 e - 3 bread rations
 k - 2 beef jerkies
 s - 2 meat rations


   Skills:
 + Level 2.4 Fighting
   Level 3.2 Maces & Flails
 - Level 1.7 Throwing
 + Level 1.0 Armour
 - Level 2.6 Dodging
 + Level 1.1 Shields
 * Level 3.2 Unarmed Combat


You had 4 spell levels left.
You didn't know any spells.

Dungeon Overview and Level Annotations

Branches:
Dungeon (4/15)
 Temple: D:4-7

Altars:
Ashenzari
Fedhas

Annotations:
D:4 Blork the orc


Innate Abilities, Weirdness & Mutations

You have sharp fingernails.
A weak demonic guardian rushes to your aid.


Message History

Blork the orc is moderately wounded.
Blork the orc hits you with a halberd.
You take 4 damage, and have 17/39 hp.
Your shield and scale mail prevent you from hitting Blork the orc.
Blork the orc is moderately wounded.
Blork the orc casts a spell at you. The puff of frost hits you!
* * * LOW HITPOINT WARNING * * *
You take 11 damage, and have 6/39 hp.
MASSIVE DAMAGE!!
You scratch Blork the orc but do no damage.
Blork the orc is moderately wounded.
Blork the orc zaps a wand.
The puff of frost hits you!
* * * LOW HITPOINT WARNING * * *
You take 3 damage, and have 3/39 hp.
You claw Blork the orc!
Blork the orc is heavily wounded.
Blork the orc completely misses you.
Blork the orc zaps a wand.
The puff of frost hits you!
You die...
Fedhas appreciates your contribution to the ecosystem.

#.###.## ##.##..#
.. #..#..## .
###.##.## #.
#...##.# .
##.####.# #. #..#
#.# #.###.## ##.#
#.....# #5@#
#######.### #.##
##....##.### #o#
#..........# ..#
.[......##..#.###
.........##.#.
.........# .#
.........# #
........##


You could see Blork the orc and a friendly iron imp.

Vanquished Creatures
  2 orc wizards
  3 adders
  2 giant geckos (D:3)
  6 orcs
  A ball python (D:1)
  10 bats
  3 giant cockroaches
  5 hobgoblins
  A jackal (D:2)
  A quokka (D:3)
  6 giant newts
  14 goblins
  6 kobolds
  A quokka skeleton (D:4)
  6 rats
67 creatures vanquished.

Vanquished Creatures (collateral kills)
  An orc (D:4)
1 creature vanquished.

Grand Total: 68 creatures vanquished

Notes
Turn   | Place    | Note
--------------------------------------------------------------
     0 | D:1      | Goblin1989 the Demonspawn Gladiator began the quest for the Orb.
     0 | D:1      | Reached XP level 1. HP: 16/16 MP: 1/1
    94 | D:1      | Reached skill level 3 in Maces & Flails
   167 | D:1      | Gained mutation: You have sharp fingernails. [demonic ancestry]
   167 | D:1      | Reached XP level 2. HP: 19/22 MP: 2/2
   335 | D:1      | Reached skill level 1 in Unarmed Combat
   369 | D:2      | Reached XP level 3. HP: 4/27 MP: 3/3
  1597 | D:3      | Gained mutation: A weak demonic guardian rushes to your aid. [demonic ancestry]
  1597 | D:3      | Reached XP level 4. HP: 29/33 MP: 4/4
  2165 | D:3      | Found a shattered altar of Ashenzari.
  2173 | D:3      | Reached skill level 1 in Shields
  2320 | D:3      | Found a blossoming altar of Fedhas.
  2343 | D:3      | Noticed an oklob plant
  2351 | D:3      | Became a worshipper of Fedhas Madash
  2492 | D:4      | Reached skill level 1 in Armour
  2492 | D:4      | Reached XP level 5. HP: 26/39 MP: 5/5
  2648 | D:4      | Noticed Blork the orc
  2660 | D:4      | Killed from afar by Blork the orc

Action                   |  1- 3 |  4- 6 || total
-------------------------+-------+-------++-------
Melee: Flail             |    29 |       ||    29
       Unarmed           |   159 |    91 ||   250
  Use: Potion            |     1 |       ||     1
  Eat: Chunk             |     8 |     8 ||    16
